 Dungeon Crawl Stone Soup version 0.17.0-17-ge4ba49f (webtiles) character file.

71 Archanon the Conjurer (level 4, -4/30 HPs)
             Began as a Mummy Wizard on Nov 11, 2015.
             Slain by a gnoll (5 damage)
             ... on level 2 of the Dungeon.
             The game lasted 00:15:43 (2837 turns).

Archanon the Conjurer (Mummy Wizard)                Turns: 2837, Time: 00:15:43

Health: -4/30      AC:  4    Str: 10    XL:     4   Next: 5%
Magic:  3/8        EV: 12    Int: 18    God:
Gold:   95         SH:  0    Dex: 10    Spells: 3 memorised, 2 levels left

rFire  x . .     SeeInvis .     d - +0 club
rCold  + . .     Clarity  .     a - +0 robe
rNeg   + + +     SustAt   .     (no shield)
rPois  ∞         Gourm    .     b - +0 hat
rElec  .         Spirit   .     (no cloak)
rCorr  .         Warding  .     i - +0 pair of gloves
rMut   .         Stasis   .     g - +0 pair of boots
MR     .....                    (no amulet)
Stlth  ++........               (no ring)
                                (no ring)

@: very slightly contaminated, not resistant to hostile enchantments, unstealthy
A: no food or potions, fire vulnerability, cold resistance 1, negative energy
resistance 3, torment resistance, unbreathing
a: no special abilities


You were on level 2 of the Dungeon.
You were not hungry.

You visited 1 branch of the dungeon, and saw 3 of its levels.

You collected 95 gold pieces.

Inventory:

Hand Weapons
 d - a +0 club (weapon)
Armour
 a - a +0 robe (worn)
 b - a +0 hat (worn)
 g - a +0 pair of boots (worn)
 i - a +0 pair of gloves (worn)
Scrolls
 e - 3 scrolls of identify {unknown}
 f - 2 scrolls of noise {unknown}
 h - a scroll of remove curse {unknown}
Books
 c - a book of Minor Magic

   Spells                             Type                      Level
   a - Magic Dart                     Conjuration                  1
   b - Blink                          Translocation                2
   c - Call Imp                       Summoning                    2
   d - Repel Missiles                 Charms/Air                   2
   e - Slow                           Hexes                        2
   f - Conjure Flame                  Conjuration/Fire             3
   g - Mephitic Cloud                 Conjuration/Poison/Air       3


   Skills:
 - Level 0.1 Maces & Flails
 - Level 1.5 Dodging
 - Level 1.5 Stealth
 - Level 3.0 Spellcasting
 + Level 3.2 Conjurations
   Level 0.7 Summonings
   Level 0.7 Translocations


You had 2 spell levels left.
You knew the following spells:

 Your Spells              Type           Power        Failure   Level  Hunger
a - Magic Dart            Conj           ##..         6%          1    N/A
b - Mephitic Cloud        Conj/Pois/Air  #.......     34%         3    N/A
c - Conjure Flame         Conj/Fire      #.......     30%         3    N/A

Dungeon Overview and Level Annotations

Branches:
Dungeon (3/15)

Altars:
Ru

Annotations:
D:2 Ijyb, Natasha
D:3 dracony's ghost, amateur HOFi


Innate Abilities, Weirdness & Mutations

You do not eat or drink.
Your flesh is vulnerable to fire.
You are immune to poison.
Your flesh is cold resistant.
You are immune to negative energy.
You are immune to unholy pain and torment.
You can survive without breathing.


Message History

There is a stone staircase leading up here.
The gnoll barely misses you.
You climb upwards.
Level annotation: Ijyb, Natasha
There is a stone staircase leading down here.
Casting: Magic Dart
Confirm with . or Enter, or press ? or * to list all spells.
Aiming: Magic Dart
Press: ? - help, Shift-Dir - straight line, f - gnoll
Aim: a gnoll The magic dart hits the gnoll.
The gnoll is lightly wounded.
The gnoll hits you!
* * * LOW HITPOINT WARNING * * *
The gnoll hits you.
* * * LOW HITPOINT WARNING * * *
The gnoll hits you.
* * * LOW HITPOINT WARNING * * *
The gnoll hits you.
You die...

.....
#.##....!.<.##...##...
#..#........##...####.
#..#........##...####.
#..#........##...#....
#..#.............#....
#..#...#######...#....
#...#'##P^P.P#...#....
#.#.#.##P.PP.#...#....
#.#..@##P._.P#...#....
#.##.g##P..P.#...#....
#.##..##P^.^.#...#....
#....>####.###...#....
####### #.###....#....
#P..#....#....
###.#.####.... #.##.#
#.... #....# #####


You could see a gnoll.

Vanquished Creatures
  2 adders
  An ooze (D:1)
  2 giant geckos (D:1)
  A ball python (D:2)
  3 giant cockroaches
  4 goblins
  5 hobgoblins
  7 jackals
  A quokka (D:2)
  5 bats
  5 giant newts
  2 kobolds
  7 rats
45 creatures vanquished.

Notes
Turn   | Place    | Note
--------------------------------------------------------------
     0 | D:1      | Archanon the Mummy Wizard began the quest for the Orb.
     0 | D:1      | Reached XP level 1. HP: 13/13 MP: 4/4
    57 | D:1      | Reached skill level 1 in Conjurations
   207 | D:1      | Reached XP level 2. HP: 19/19 MP: 4/6
  1158 | D:1      | Reached XP level 3. HP: 24/24 MP: 3/7
  1200 | D:1      | Learned a level 3 spell: Mephitic Cloud
  1204 | D:1      | Learned a level 3 spell: Conjure Flame
  1411 | D:2      | Noticed Natasha
  2170 | D:2      | Found a sacrificial altar of Ru.
  2550 | D:2      | Noticed Ijyb
  2671 | D:3      | Reached XP level 4. HP: 18/30 MP: 0/8
  2788 | D:3      | Noticed dracony's ghost (amateur HOFi)
  2836 | D:2      | HP: 1/30 [gnoll (1)]
  2837 | D:2      | Slain by a gnoll

Action                   |  1- 3 |  4- 6 || total
-------------------------+-------+-------++-------
Melee: Club              |    25 |       ||    25
 Cast: Magic Dart        |   117 |     6 ||   123
       Mephitic Cloud    |     1 |       ||     1
